General information
- name: BNet
- type: Ladder team game (AT/RT)
- host: Battle.net
- saver: Carthage
map: Mur'gulOasis
- players: 8
- length: 28:16
- speed: Fast
- version: 1.26 W3XP
- replay type: Public
» download(151 KB)
Players
team 1 (winner)

»
nigsaintwantit (
red | 55 APM | 1297 actions | 23:27)
4 Demon Hunter
2 Mana Burn
2 Evasion
» actions
| Assign group hotkey | 24 | |
| Basic commands | 25 | |
| Build / train | 49 | |
| Enter build submenu | 17 | |
| Enter hero's abilities submenu | 4 | |
| Remove unit from queue | 2 | |
| Right click | 678 | |
| Select / deselect | 220 | |
| Select group hotkey | 197 | |
| Use ability | 80 | |
1297 total
» units
» upgrades
| Strength of the Moon | 2 | |
| Moon Armor | 1 | |
| Improved Bows | 1 | |
| Abolish Magic | 1 | |
5 total
» buildings
| Ancient of War | 2 | |
| Altar of Elders | 1 | |
| Moon Well | 5 | |
| Hunter's Hall | 1 | |
| Tree of Ages | 1 | |
| Ancient of Wonders | 1 | |
| Ancient of Lore | 5 | |
16 total
» build order
00:08 Ancient of War
00:09 Altar of Elders
00:12 Ancient of War
00:17 Moon Well
01:56 Moon Well
02:23 Moon Well
02:56 Hunter's Hall
04:53 Tree of Ages
05:02 Ancient of Wonders
07:37 Ancient of Lore
07:39 Ancient of Lore
07:40 Ancient of Lore
07:42 Ancient of Lore
07:59 Moon Well
08:11 Ancient of Lore
08:31 Moon Well
» items
| Moonstone | 1 | |
| Scroll of Town Portal | 1 | |
2 total
Ns)TRiNiTY (
yellow | 47 APM | 1252 actions | 26:39)
5 Keeper of the Grove
3 Entangling Roots
1 Thorns Aura
1 Force of Nature
» actions
| Assign group hotkey | 18 | |
| Basic commands | 1 | |
| Build / train | 53 | |
| ESC pressed | 4 | |
| Enter build submenu | 22 | |
| Enter hero's abilities submenu | 5 | |
| Remove unit from queue | 6 | |
| Right click | 542 | |
| Select / deselect | 346 | |
| Select group hotkey | 200 | |
| Use ability | 55 | |
1252 total
» units
| Wisp | 11 | |
| Huntress | 8 | |
| Archer | 9 | |
| Dryad | 8 | |
36 total
» upgrades
| Strength of the Moon | 1 | |
| Improved Bows | 1 | |
| Abolish Magic | 1 | |
3 total
» buildings
| Altar of Elders | 1 | |
| Moon Well | 8 | |
| Hunter's Hall | 1 | |
| Ancient of War | 2 | |
| Tree of Ages | 1 | |
| Ancient Protector | 2 | |
| Ancient of Lore | 1 | |
| Ancient of Wind | 1 | |
| Tree of Eternity | 1 | |
| Tree of Life | 1 | |
19 total
» build order
00:13 Altar of Elders
00:18 Moon Well
01:33 Hunter's Hall
02:14 Ancient of War
02:16 Ancient of War
02:41 Moon Well
03:42 Moon Well
04:26 Tree of Ages
05:53 Moon Well
06:19 Ancient Protector
07:53 Ancient of Lore
08:36 Ancient Protector
10:04 Moon Well
16:01 Moon Well
16:59 Ancient of Wind
17:36 Tree of Eternity
18:46 Tree of Life
18:54 Moon Well
19:05 Moon Well
Carthage (
purple | 74 APM | 2083 actions | 28:16)
5 Archmage
3 Summon Water Elemental
2 Brilliance Aura
» actions
| Assign group hotkey | 63 | |
| Basic commands | 277 | |
| Build / train | 109 | |
| ESC pressed | 5 | |
| Enter build submenu | 27 | |
| Enter hero's abilities submenu | 5 | |
| Give item / drop item | 6 | |
| Right click | 544 | |
| Select / deselect | 374 | |
| Select group hotkey | 533 | |
| Use ability | 140 | |
2083 total
» units
| Peasant | 21 | |
| Footman | 10 | |
| Dragonhawk Rider | 13 | |
| Gryphon Rider | 2 | |
46 total
» upgrades
| Masonry | 3 | |
| Defend | 1 | |
| Swords | 4 | |
| Lumber Harvesting | 2 | |
| Armor | 3 | |
| Animal War Training | 1 | |
| Cloud | 1 | |
| Storm Hammers | 1 | |
| Backpack | 2 | |
| Long Rifles | 1 | |
19 total
» buildings
| Altar of Kings | 1 | |
| Barracks | 1 | |
| Farm | 6 | |
| Arcane Vault | 1 | |
| Lumber Mill | 1 | |
| Keep | 3 | |
| Scout Tower | 6 | |
| Blacksmith | 1 | |
| Arcane Tower | 2 | |
| Castle | 2 | |
| Gryphon Aviary | 4 | |
| Town Hall | 3 | |
| Guard Tower | 7 | |
38 total
» build order
00:06 Altar of Kings
00:12 Barracks
00:14 Farm
00:56 Farm
01:33 Farm
02:29 Farm
02:39 Arcane Vault
04:10 Farm
04:38 Lumber Mill
05:15 Keep
05:15 Keep
05:53 Scout Tower
05:57 Blacksmith
06:01 Farm
06:25 Arcane Tower
07:36 Castle
07:36 Castle
08:11 Gryphon Aviary
08:14 Gryphon Aviary
09:15 Gryphon Aviary
09:21 Gryphon Aviary
12:07 Town Hall
14:07 Scout Tower
14:08 Scout Tower
14:08 Scout Tower
14:09 Scout Tower
14:09 Scout Tower
14:38 Guard Tower
14:39 Guard Tower
14:39 Guard Tower
14:39 Guard Tower
14:40 Guard Tower
14:44 Guard Tower
15:33 Guard Tower
26:30 Town Hall
26:33 Town Hall
» items
| Scroll of Regeneration | 4 | |
| Periapt of Vitality | 1 | |
| Staff of Teleportation | 1 | |
| Scroll of Town Portal | 5 | |
| Potion of Healing | 1 | |
| Orb of Corruption | 1 | |
13 total

»
somalischwag (
orange | 21 APM | 588 actions | 28:15)
5 Death Knight
3 Death Coil
2 Unholy Aura
4 Lich
2 Frost Armor
2 Frost Nova
1 Crypt Lord
1 Spiked Carapace
» actions
| Basic commands | 7 | |
| Build / train | 37 | |
| Enter build submenu | 13 | |
| Enter hero's abilities submenu | 10 | |
| Right click | 245 | |
| Select / deselect | 251 | |
| Use ability | 25 | |
588 total
» units
| Acolyte | 2 | |
| Ghoul | 3 | |
| Crypt Fiend | 7 | |
| Obsidian Statue | 1 | |
13 total
» upgrades
| Creature Attack | 3 | |
| Creature Carapace | 2 | |
| Web | 1 | |
| Burrow | 1 | |
7 total
» buildings
| Ziggurat | 5 | |
| Crypt | 2 | |
| Altar of Darkness | 1 | |
| Graveyard | 1 | |
| Halls of the Dead | 1 | |
| Tomb of Relics | 1 | |
| Slaughterhouse | 1 | |
| Black Citadel | 1 | |
| Spirit Tower | 1 | |
14 total
» build order
00:08 Ziggurat
00:12 Crypt
00:36 Altar of Darkness
01:04 Graveyard
02:00 Crypt
02:14 Ziggurat
03:37 Ziggurat
05:36 Halls of the Dead
05:42 Tomb of Relics
05:55 Ziggurat
08:25 Slaughterhouse
08:37 Ziggurat
12:32 Black Citadel
22:18 Spirit Tower
» items
team 2 (loser)
Createanewacctt (
blue | 43 APM | 491 actions | 11:26)
3 Blademaster
2 Wind Walk
1 Critical Strike
» actions
| Assign group hotkey | 10 | |
| Build / train | 34 | |
| Enter build submenu | 11 | |
| Enter hero's abilities submenu | 3 | |
| Give item / drop item | 1 | |
| Right click | 157 | |
| Select / deselect | 73 | |
| Select group hotkey | 170 | |
| Use ability | 32 | |
491 total
» units
» upgrades
| Envenomed Spears | 1 | |
| Reinforced Defenses | 1 | |
2 total
» buildings
| Altar of Storms | 1 | |
| Orc Burrow | 4 | |
| Voodoo Lounge | 1 | |
| Stronghold | 1 | |
| War Mill | 1 | |
| Beastiary | 3 | |
| Fortress | 1 | |
12 total
» build order
00:29 Altar of Storms
00:30 Orc Burrow
01:31 Voodoo Lounge
03:27 Stronghold
03:30 Orc Burrow
04:20 War Mill
04:26 Orc Burrow
05:37 Orc Burrow
06:02 Beastiary
06:02 Beastiary
06:16 Beastiary
06:18 Fortress
» items
| Healing Salve | 1 | |
| Lesser Clarity Potion | 3 | |
| Boots of Speed | 1 | |
| Staff of Teleportation | 1 | |
| Scroll of Town Portal | 1 | |
| Orb of Lightning | 1 | |
8 total

»
Flintpinstitch (
pink | 18 APM | 89 actions | 05:00)
1 Priestess of the Moon
1 Searing Arrows
» actions
| Build / train | 18 | |
| Enter build submenu | 6 | |
| Enter hero's abilities submenu | 1 | |
| Right click | 18 | |
| Select / deselect | 37 | |
| Use ability | 9 | |
89 total
» units
» buildings
| Moon Well | 2 | |
| Tree of Ages | 1 | |
| Altar of Elders | 1 | |
| Ancient of Wonders | 1 | |
| Hunter's Hall | 1 | |
6 total
» build order
00:32 Moon Well
01:09 Tree of Ages
01:27 Altar of Elders
01:45 Ancient of Wonders
02:46 Moon Well
04:35 Hunter's Hall
KX3 (
green | 66 APM | 1856 actions | 28:15)
6 Archmage
3 Summon Water Elemental
2 Brilliance Aura
1 Mass Teleport
2 Blademaster
1 Critical Strike
1 Wind Walk
» actions
| Assign group hotkey | 219 | |
| Basic commands | 52 | |
| Build / train | 93 | |
| Enter build submenu | 74 | |
| Enter hero's abilities submenu | 8 | |
| Give item / drop item | 5 | |
| Right click | 701 | |
| Select / deselect | 371 | |
| Select group hotkey | 162 | |
| Use ability | 171 | |
1856 total
» units
| Peasant | 16 | |
| Footman | 4 | |
| Gryphon Rider | 7 | |
| Wind Rider | 5 | |
32 total
» upgrades
| Lumber Harvesting | 2 | |
| Storm Hammers | 1 | |
| Swords | 3 | |
| Armor | 3 | |
| Animal War Training | 1 | |
| Masonry | 2 | |
| Cloud | 1 | |
13 total
» buildings
| Altar of Kings | 1 | |
| Barracks | 1 | |
| Farm | 12 | |
| Scout Tower | 27 | |
| Keep | 1 | |
| Arcane Tower | 1 | |
| Lumber Mill | 1 | |
| Arcane Vault | 2 | |
| Guard Tower | 21 | |
| Castle | 1 | |
| Gryphon Aviary | 3 | |
| Blacksmith | 1 | |
| Ancient Protector | 9 | |
| Watch Tower | 20 | |
| Town Hall | 2 | |
103 total
» build order
00:53 Altar of Kings
00:54 Barracks
01:03 Farm
01:09 Farm
01:11 Farm
01:58 Scout Tower
02:16 Farm
03:23 Keep
03:27 Arcane Tower
03:43 Lumber Mill
04:40 Arcane Vault
04:54 Scout Tower
04:55 Scout Tower
04:56 Scout Tower
04:56 Scout Tower
05:38 Guard Tower
07:56 Scout Tower
07:57 Scout Tower
08:00 Scout Tower
08:03 Scout Tower
08:16 Castle
08:35 Guard Tower
08:41 Scout Tower
08:42 Scout Tower
08:42 Scout Tower
08:44 Scout Tower
10:21 Scout Tower
10:22 Scout Tower
10:26 Scout Tower
10:26 Scout Tower
10:30 Scout Tower
10:31 Scout Tower
10:32 Scout Tower
10:45 Gryphon Aviary
10:45 Gryphon Aviary
10:46 Gryphon Aviary
10:50 Guard Tower
10:50 Guard Tower
10:51 Guard Tower
10:51 Guard Tower
10:56 Guard Tower
10:57 Guard Tower
10:57 Guard Tower
10:59 Guard Tower
10:59 Guard Tower
10:59 Guard Tower
11:00 Guard Tower
11:09 Guard Tower
11:19 Guard Tower
11:23 Farm
11:23 Farm
11:23 Farm
12:42 Farm
12:54 Blacksmith
13:37 Ancient Protector
13:37 Ancient Protector
13:38 Ancient Protector
13:38 Ancient Protector
13:38 Ancient Protector
13:40 Ancient Protector
13:41 Ancient Protector
13:42 Ancient Protector
13:43 Ancient Protector
14:42 Watch Tower
14:42 Watch Tower
14:43 Watch Tower
14:44 Watch Tower
14:44 Watch Tower
14:45 Watch Tower
14:45 Watch Tower
14:46 Watch Tower
15:13 Watch Tower
15:13 Watch Tower
15:14 Watch Tower
15:18 Watch Tower
15:19 Watch Tower
15:25 Watch Tower
15:25 Watch Tower
15:26 Watch Tower
15:27 Watch Tower
15:29 Watch Tower
15:30 Watch Tower
17:39 Farm
17:39 Farm
17:40 Farm
17:41 Farm
20:05 Town Hall
20:08 Arcane Vault
20:16 Scout Tower
20:16 Scout Tower
20:16 Scout Tower
20:18 Scout Tower
20:18 Scout Tower
20:19 Scout Tower
20:21 Scout Tower
21:32 Guard Tower
25:59 Town Hall
» items
| Scroll of Regeneration | 5 | |
| Potion of Mana | 3 | |
| Potion of Healing | 2 | |
| Boots of Speed | 1 | |
| Staff of Teleportation | 1 | |
| Healing Salve | 1 | |
| Lesser Clarity Potion | 2 | |
15 total

»
helloo (
teal | 42 APM | 508 actions | 11:59)
3 Blademaster
1 Wind Walk
2 Critical Strike
1 Shadow Hunter
1 Healing Wave
» actions
| Assign group hotkey | 6 | |
| Build / train | 25 | |
| Enter build submenu | 11 | |
| Enter hero's abilities submenu | 4 | |
| Right click | 262 | |
| Select / deselect | 140 | |
| Select group hotkey | 18 | |
| Use ability | 42 | |
508 total
» units
» buildings
| Altar of Storms | 1 | |
| Orc Burrow | 4 | |
| Barracks | 1 | |
| War Mill | 1 | |
| Stronghold | 1 | |
| Watch Tower | 2 | |
| Voodoo Lounge | 1 | |
11 total
» build order
00:09 Altar of Storms
00:12 Orc Burrow
00:24 Barracks
01:39 Orc Burrow
02:08 Orc Burrow
03:14 War Mill
03:44 Stronghold
06:27 Watch Tower
07:15 Voodoo Lounge
09:40 Orc Burrow
11:16 Watch Tower
» items
Chat log
(00:20 / All) Ns)TRiNiTY: Aw flint
(00:33 / Allies) nigsaintwantit: rush or wha
(00:37 / Allies) Carthage: no
(00:38 / Allies) Ns)TRiNiTY: yes plz
(00:42 / Allies) Ns)TRiNiTY: psssh
(00:46 / Allies) Ns)TRiNiTY: lvl 1 has no say
(00:47 / Allies) Ns)TRiNiTY: lol
(00:48 / Allies) nigsaintwantit: whats the plan cc?
(00:56 / Allies) Ns)TRiNiTY: jk
(00:58 / Allies) Ns)TRiNiTY: dont matta
(01:11 / All) Carthage: yellow is 67-48 and thinks he's good
(01:15 / All) Carthage: my team is faggy and wants to rush
(01:30 / Allies) nigsaintwantit: he said it didnt matter
(01:34 / Allies) nigsaintwantit: so did i
(01:38 / Allies) Ns)TRiNiTY: lol
(01:39 / All) Flintpinstitch: lol they don't see them yet
(01:46 / All) Flintpinstitch: oops
(02:30 / All) helloo: my mana >_<]
(02:44 / All) Ns)TRiNiTY: Ya i kicked ur ass
(02:46 / All) Ns)TRiNiTY: LOL
(02:48 / All) helloo: hehe
(03:02 / All) helloo: OMG
(03:03 / All) KX3: hey I just met you and this is crazy but can I have some lumber mabye?
(03:09 / All) helloo: lawl
(03:11 / All) Ns)TRiNiTY: lol
(03:28 / Allies) Carthage: it would be nice if you fucked off and let me get lvl 2 from this
(03:30 / Allies) nigsaintwantit: urs
(03:36 / Allies) nigsaintwantit: ok
(03:38 / Allies) Carthage: I could creep this myself
(03:45 / Allies) Carthage: too late now dumb faggot
(03:54 / Allies) Ns)TRiNiTY: lol
(03:55 / Allies) Ns)TRiNiTY: purple
(04:00 / Allies) Carthage: yeah?
(04:02 / Allies) Carthage: what is it buddy?
(04:02 / Allies) Ns)TRiNiTY: why so hostile
(04:13 / Allies) nigsaintwantit: never fucked a girl before
(04:15 / Allies) nigsaintwantit: probably
(04:15 / Allies) Carthage: because ne trash does that all the time
(04:21 / Allies) nigsaintwantit: cares about craft too much
(04:36 / All) Carthage: get the fuck out lagging piece of shit
(04:42 / Allies) Carthage: gtfo
(04:43 / All) Createanewacctt: suck it bitch
(04:57 / All) Flintpinstitch: gtg my bad
(05:04 / All) helloo: ROFL
(05:11 / All) Ns)TRiNiTY: i own him all the time neways
(05:15 / All) nigsaintwantit: ye he blows
(05:26 / All) KX3: you do a build you stole every time wow
(05:28 / Allies) Carthage: tech on outside
(05:29 / Allies) Carthage: ne
(05:30 / Allies) Carthage: amazing
(05:31 / All) KX3: impressed
(05:38 / All) Carthage: yellow is teching as ne on outside
(05:40 / All) Carthage: what a beast
(06:01 / All) KX3: right as I uprgade
(06:10 / All) helloo: he coulda made a few units before leaving lol
(06:34 / All) KX3: lucky faggot
(06:41 / All) nigsaintwantit: ur horrible
(06:51 / All) KX3: I'm eating, typing and just crept faggot
(06:56 / All) nigsaintwantit: hahha
(07:28 / Allies) Carthage: gtfo
(07:31 / All) Carthage: lagging shit
(07:46 / All) Createanewacctt: suck my dick bitch. so can time warner cable.
(07:53 / All) nigsaintwantit: lol
(09:01 / All) KX3: yes
(09:03 / All) nigsaintwantit: LOL
(09:09 / All) Carthage: maphack?
(09:29 / All) KX3: red is mher
(09:36 / All) nigsaintwantit: how k
(09:38 / All) Ns)TRiNiTY: dude
(09:40 / All) Ns)TRiNiTY: ur newb
(09:41 / All) Ns)TRiNiTY: stfu
(09:43 / All) nigsaintwantit: ya lol
(09:44 / All) nigsaintwantit: ty
(10:14 / All) KX3: he comes right as I upgrade towers both times
(10:17 / All) nigsaintwantit: yea
(10:20 / All) nigsaintwantit: takes time to heal
(10:28 / All) nigsaintwantit: i knew u would be dumb and do it again
(10:37 / All) nigsaintwantit: ur honestly one of the worst ppl i seen in a while
(10:39 / All) nigsaintwantit: lol
(10:40 / All) KX3: you're mh or incredibly lucky
(11:15 / All) nigsaintwantit: coming again
(11:23 / All) nigsaintwantit: u towering|?
(11:28 / All) nigsaintwantit: yup
(11:30 / All) nigsaintwantit: newb
(11:57 / All) helloo: this team is hopeless
(12:37 / All) Ns)TRiNiTY: green ur gonna win
(12:53 / Allies) Carthage: go
(12:59 / Allies) Ns)TRiNiTY: lol
(13:01 / Allies) Ns)TRiNiTY: he tells u to go
(13:05 / Allies) Ns)TRiNiTY: when he has dhawks
(13:07 / Allies) Ns)TRiNiTY: rofl
(13:16 / All) Ns)TRiNiTY: see purple
(13:20 / All) Ns)TRiNiTY: u use cloud
(13:23 / All) Ns)TRiNiTY: before he goes
(13:28 / All) Ns)TRiNiTY: so he doesnt take damage
(13:30 / All) Ns)TRiNiTY: its okay
(13:33 / All) Ns)TRiNiTY: ull learn./.
(13:36 / Allies) nigsaintwantit: bser
(13:48 / Allies) Carthage: sick tp
(13:48 / Allies) Ns)TRiNiTY: oh well
(13:49 / Allies) Carthage: stuck dh
(13:53 / All) Carthage: red got his dh stuck in my base lol
(13:58 / All) KX3: lawl
(14:09 / All) KX3: talking shit because of impeccable timing and circumstances
(15:39 / Allies) Ns)TRiNiTY: oj
(15:50 / Allies) Carthage: he is a robot i doubt he talks
(16:06 / Allies) somalischwag: shut up douche
(16:20 / Allies) Ns)TRiNiTY: lol
(16:26 / Allies) Ns)TRiNiTY: purple stop
(16:35 / Allies) Ns)TRiNiTY: red
(16:36 / Allies) Ns)TRiNiTY: stop
(16:41 / All) Carthage: hahaha
(16:43 / Allies) nigsaintwantit: use them
(16:43 / All) Carthage: he is helping me
(16:44 / All) Carthage: good man
(16:56 / Allies) Ns)TRiNiTY: no
(17:47 / All) nigsaintwantit: green i hope u choke on the next load of cum u take down the throat
(17:52 / All) KX3: lol
(18:14 / Allies) Ns)TRiNiTY: purple
(18:16 / Allies) Ns)TRiNiTY: stop dude
(18:17 / Allies) Ns)TRiNiTY: sweriosu
(18:42 / All) KX3: lol
(18:48 / All) KX3: not even playing lawls!!!!
(19:06 / Allies) nigsaintwantit: lookout
(19:08 / Allies) nigsaintwantit: lmao
(19:13 / Allies) Ns)TRiNiTY: ight
(19:13 / Allies) Carthage: lol
(19:19 / Allies) somalischwag: youre awesome dude
(19:21 / Allies) Ns)TRiNiTY: what a waste of time
(19:25 / Allies) somalischwag: doesnt really do much tho
(19:31 / All) Carthage: my team asked for this
(19:32 / Allies) Ns)TRiNiTY: purple
(19:32 / All) KX3: you getting raped red and yellow
(19:37 / Allies) Ns)TRiNiTY: ur a newb
(19:40 / All) Ns)TRiNiTY: no
(19:41 / All) Carthage: whiny sacks of shit
(19:44 / All) KX3: I must be the best player ever!!!1
(19:45 / All) Ns)TRiNiTY: purple is tking
(19:46 / All) Carthage: I can guarantee I am better than all of you
(19:48 / All) Carthage: and I just proved it
(19:50 / All) Ns)TRiNiTY: like a newb
(19:51 / All) Carthage: i 1v3ed all of you
(19:53 / All) Ns)TRiNiTY: go figure
(19:53 / All) KX3: lol so what!
(19:54 / All) Carthage: dumb faggots can't defeat 1 ally
(19:57 / All) Ns)TRiNiTY: no surprise
(19:58 / All) KX3: I WON LOL!
(20:00 / All) KX3: I'M THE BEST
(20:03 / All) Ns)TRiNiTY: lol
(20:06 / All) Ns)TRiNiTY: no ur newb
(20:07 / All) Ns)TRiNiTY: trust me
(20:10 / All) KX3: YOU LOST TO ME NOOB
(20:14 / All) Ns)TRiNiTY: no
(20:17 / All) Ns)TRiNiTY: we lsot to a tker
(20:22 / All) Ns)TRiNiTY: cause we didnt kill him first
(20:24 / All) Ns)TRiNiTY: but i dont tk
(20:26 / All) KX3: EXCUSES EXCUSES
(20:27 / All) Ns)TRiNiTY: so his problem
(20:29 / All) KX3: wHINE WHINE WHINE
(20:40 / All) Ns)TRiNiTY: enjoy ur game
(20:40 / Allies) somalischwag: and it started with red attacking me what sweet irony
(20:44 / All) KX3: I AM
(20:48 / All) KX3: 1v4 AND I PREVAIL!
(20:50 / Allies) nigsaintwantit: what
(20:53 / Allies) nigsaintwantit: me attkin
(20:57 / All) Carthage: get out you insufferable piece of shit
(20:58 / Allies) nigsaintwantit: ya after purple killed my town
(20:59 / All) Carthage: yellow
(21:00 / All) Ns)TRiNiTY: gj oj
(21:01 / All) KX3: OWNING YOU NOOB
(21:13 / All) Ns)TRiNiTY: kill purple then newb
(21:19 / All) KX3: hello there!
(21:21 / All) Carthage: the game was rigged from the start
(21:22 / All) Carthage: he is my friend
(21:27 / All) KX3: he's a good fellow indeed!
(21:30 / All) Ns)TRiNiTY: well duh
(21:34 / All) nigsaintwantit: lol
(21:38 / All) nigsaintwantit: some life u guys have
(21:42 / All) nigsaintwantit: must play bum darts
(21:46 / Allies) nigsaintwantit: when not crafting lmao
(21:48 / All) KX3: only sometimes
(21:51 / Allies) Ns)TRiNiTY: oh well
(21:55 / Allies) Ns)TRiNiTY: not like this game matters
(21:58 / Allies) Ns)TRiNiTY: they still suck
(21:59 / Allies) Ns)TRiNiTY: lol
(21:59 / Allies) nigsaintwantit: eh by
(22:01 / Allies) nigsaintwantit: peace
(22:03 / All) Carthage: yellow is 67-49 now
(22:04 / All) Carthage: he is awful
(22:14 / All) Carthage: We do this all the time yellow
(22:17 / All) Carthage: you are another nameless victim
(22:20 / All) Carthage: we upload this to highper.ch
(22:23 / All) Carthage: for everyone to laugh at
(22:24 / All) Ns)TRiNiTY: lol
(22:27 / All) Ns)TRiNiTY: u have no life
(22:29 / All) Ns)TRiNiTY: go figure
(22:36 / All) Carthage: taking 1 hour out of a day to do this means no life?
(22:37 / All) Ns)TRiNiTY: enjoy ur game
(22:40 / All) KX3: he's named after the bitch from Matrix what a faggot LOLK
(22:43 / All) Carthage: leave if this game doesn't matter
(22:47 / All) Ns)TRiNiTY: lol but u do it all the time
(22:48 / All) Carthage: you obviously care about your record
(22:51 / All) Carthage: if you are still here
(22:56 / All) KX3: yellow you like matrix?
(22:59 / All) Ns)TRiNiTY: nah just waiting to watch u die
(23:01 / All) Carthage: we do it maybe 3 times in a week
(23:10 / All) KX3: I'm creeping
(23:16 / All) KX3: to get better levels and items
(23:29 / All) Ns)TRiNiTY: cool im watching football enjoy
(23:42 / All) Carthage: u2 enjoy your niggerball
(24:14 / All) Ns)TRiNiTY: u realize ppl like u guys ruin this game
(24:14 / All) KX3: I do believe red has MH
(24:30 / All) Carthage: "lvl 1 have no opinion" you said earlier
(24:33 / All) KX3: came in right after I started upgrading my 4 towers
(24:35 / All) Carthage: you have no right to tlak about the community
(24:40 / All) Carthage: and how it should be better
(24:41 / All) KX3: then when I rebuilt towers there he comes
(24:43 / All) Carthage: when you and red did nothing but shit talk
(24:56 / All) Ns)TRiNiTY: lol i didnt talk shit
(25:01 / All) Ns)TRiNiTY: u did newb
(25:04 / All) Ns)TRiNiTY: its okay
(25:11 / All) Ns)TRiNiTY: once u guys have a family and i live
(25:17 / All) Ns)TRiNiTY: ull understand
(25:25 / All) Carthage: once we have a family and you live? are you dead?
(25:31 / All) Ns)TRiNiTY: yup
(25:32 / All) KX3: I like this game!
(25:37 / All) KX3: I won with no allies!
(25:40 / All) Carthage: yellow is a zombie
(25:46 / All) Carthage: he must be purged from lordaeron
(25:58 / All) Carthage: Yes green, you 1v4ed this
(26:05 / All) Carthage: My team sucked they deserve the loss
(26:07 / All) KX3: Yep!
(26:45 / All) KX3: what did he say
(26:49 / All) Carthage: nothing, he just left
(26:57 / All) KX3: what did orange say
(27:02 / All) KX3: he doesn't seem to talk much
(27:20 / All) Carthage: he said some stuff in allied chat moping about being backstabbed
(27:22 / All) KX3: I think I'll stay up till aroudn 10 EST
(27:26 / All) KX3: lol
(27:59 / All) KX3: is he talking now
(28:01 / All) Carthage: no
(28:08 / All) KX3: DIE ORANGE